Map: Eternal Empire LE

Players

ShoWTimE

  • Race: Protoss Protoss
  • League: Grandmaster
  • Spawn Location: 7:00

Denver - Winner!

  • Race: Zerg Zerg
  • League: Master
  • Spawn Location: 1:00

VOD

Have the link to the VOD?

Description

Time

  • Played on: Jan. 14, 2020, 2:07 p.m.
  • Length: 18:06
Show
View Real Time Build Order
Export as new Build Order

ShoWTimE Protoss 

Build Orders: 1 Gate Expand, Oracle Opening, Archon Immortal 

Get SALT Encoding   

  12  0:00  Probe  
  13  0:12  Probe  
  14  0:17  Pylon  
  14  0:25  Probe (Chrono Boost)  
  15  0:37  Probe (Chrono Boost)  
  15  0:40  Gateway  
  16  0:45  Probe (Chrono Boost)  
  16  0:47  Assimilator  
  17  0:51  Probe  
  18  1:03  Probe  
  19  1:15  Probe  
  20  1:24  Nexus  
  20  1:34  Cybernetics Core  
  20  1:36  Probe  
  21  1:42  Assimilator  
  21  1:48  Probe  
  21  1:52  Pylon  
  22  2:00  Probe  
  23  2:08  Adept (Chrono Boost)  
  23  2:13  Probe  
  26  2:19  Stargate  
  26  2:25  Probe (Chrono Boost)  
  26  2:28  Adept (Chrono Boost)  
  27  2:32  Warp Gate  
  27  2:36  Probe (Chrono Boost)  
  30  2:43  Probe (Chrono Boost)  
  32  2:45  Probe (Chrono Boost)  
  32  2:49  Probe (Chrono Boost)  
  32  2:50  Probe (Chrono Boost), Adept  
  36  3:01  Probe  
  36  3:02  Probe, Oracle (Chrono Boost)  
  41  3:07  Pylon  
  41  3:13  Probe  
  41  3:14  Probe  
  43  3:20  Adept  
  43  3:25  Probe  
  43  3:26  Probe  
  47  3:29  Gateway  
  47  3:34  Oracle (Chrono Boost)  
  47  3:37  Probe  
  47  3:38  Probe  
  52  3:41  Pylon  
  52  3:49  Probe  
  52  3:50  Probe  
  54  4:01  Probe  
  54  4:02  Probe, Nexus  
  56  4:08  Oracle (Chrono Boost)  
  59  4:11  Pylon  
  59  4:14  Probe  
  59  4:15  Probe  
  61  4:23  Assimilator  
  61  4:26  Probe  
  61  4:27  Assimilator  
  61  4:29  Robotics Facility  
  61  4:30  Adept  
  64  4:33  Adept  
  64  4:35  Probe  
  64  4:38  Probe  
  68  4:41  Pylon  
  68  4:47  Probe  
  68  4:48  Forge  
  68  4:50  Probe  
  70  4:54  Gateway  
  70  4:59  Probe  
  71  5:02  Probe  
  72  5:10  Sentry  
  72  5:13  Probe (Chrono Boost)  
  75  5:16  Sentry  
  75  5:17  Probe (Chrono Boost), Observer (Chrono Boost)  
  75  5:20  Probe (Chrono Boost)  
  75  5:21  Protoss Ground Weapons Level 1, Pylon  
  83  5:29  Probe x2 (Chrono Boost)  
  83  5:30  Probe (Chrono Boost)  
  83  5:34  Probe (Chrono Boost)  
  83  5:35  Immortal (Chrono Boost)  
  87  5:36  Probe  
  87  5:38  Probe  
  87  5:40  Twilight Council  
  87  5:42  Pylon  
  90  5:46  Probe  
  90  5:48  Probe  
  92  5:50  Probe  
  92  5:54  Assimilator  
  93  5:58  Probe, Assimilator  
  93  6:00  Probe  
  93  6:01  Pylon  
  93  6:02  Sentry  
  93  6:03  Sentry  
  99  6:05  Immortal (Chrono Boost)  
  99  6:08  Probe  
  99  6:09  Gateway  
  99  6:10  Probe, Gateway  
  105  6:12  Probe  
  105  6:13  Gateway  
  106  6:20  Probe  
  106  6:22  Probe  
  106  6:25  Phoenix (Chrono Boost)  
  106  6:26  Photon Cannon  
  106  6:29  Charge  
  108  6:34  Warp Prism (Chrono Boost)  
  110  6:43  Templar Archives  
  110  6:44  Gateway  
  110  6:45  Gateway  
  110  6:48  Pylon  
  110  6:58  Gateway  
  110  7:00  Gateway, Immortal (Chrono Boost)  
  110  7:02  Pylon  
  110  7:03  Photon Cannon  
  110  7:04  Pylon, Photon Cannon  
  114  7:14  Photon Cannon  
  114  7:17  Photon Cannon  
  114  7:19  Pylon  
  114  7:26  High Templar x2  
  114  7:27  High Templar x2  
  114  7:29  Nexus  
  122  7:31  Archon x2  
  122  7:35  Immortal (Chrono Boost)  
  122  7:36  Protoss Ground Weapons Level 2 (Chrono Boost)  
  122  7:38  Psionic Storm  
  122  7:39  Pylon  
  122  7:41  Probe x3  
  127  7:52  Pylon  
  127  7:53  Probe x3  
  130  8:06  Immortal  
  130  8:08  High Templar  
  130  8:10  Photon Cannon  
  130  8:12  Probe x3, Shield Battery  
  139  8:14  High Templar, Pylon  
  141  8:20  Photon Cannon  
  141  8:21  Photon Cannon  
  141  8:22  High Templar  
  141  8:23  Photon Cannon  
  141  8:25  Zealot x2, Shield Battery  
  145  8:32  High Templar  
  147  8:34  Unknown  
  147  8:39  High Templar  
  145  8:41  Zealot x2  
  145  8:42  Zealot x2  
  145  8:46  Zealot x2  
  145  8:47  Zealot  
  159  8:55  High Templar  
  161  9:03  Zealot x4  
  161  9:06  High Templar x2  
  173  9:10  Probe x3  
  173  9:16  Stalker  
  176  9:18  Probe  
  176  9:23  Photon Cannon  
  165  9:24  Photon Cannon  
  165  9:26  Archon  
  165  9:28  Zealot x3  
  171  9:31  Pylon  
  171  9:33  High Templar x2  
  171  9:35  Observer (Chrono Boost)  
  171  9:37  Archon  
  175  9:39  Fleet Beacon  
  175  9:50  Photon Cannon  
  175  9:52  Pylon  
  172  9:54  Zealot x8  
  138  10:08  Zealot x2  
  138  10:13  Immortal  
  138  10:14  Zealot x3  
  143  10:17  Probe x2  
  143  10:18  Probe x2  
  147  10:26  Zealot x5  
  145  10:31  Probe x3  
  145  10:32  Unknown  
  145  10:36  Probe  
  145  10:40  High Templar x5  
  156  10:44  Archon  
  156  10:45  Archon  
  156  10:49  High Templar x4, Pylon  
  164  10:52  Photon Cannon  
  164  10:54  Archon x2  
  164  10:56  Zealot  
  146  11:12  Zealot x3  
  146  11:13  Zealot x2  
  130  11:18  Probe (Chrono Boost)  
  130  11:19  Probe x2 (Chrono Boost)  
  130  11:20  Zealot  
  130  11:23  Probe (Chrono Boost)  
  127  11:30  Probe x3 (Chrono Boost), High Templar x4  
  127  11:32  Probe (Chrono Boost)  
  136  11:35  Probe x3 (Chrono Boost)  
  136  11:37  Probe (Chrono Boost)  
  136  11:39  Observer (Chrono Boost)  
  139  11:42  Unknown  
  139  11:45  Probe x3  
  142  11:47  High Templar x2, Zealot x3  
  142  11:48  Probe, Zealot  
  142  11:52  Archon  
  153  11:57  Photon Cannon  
  153  11:59  Pylon, Photon Cannon  
  153  12:01  Pylon  
  153  12:03  Archon  
  153  12:12  Zealot  
  153  12:13  Zealot x7  
  149  12:31  Zealot x2  
  149  12:35  High Templar x5  
  149  12:39  Archon x2  
  149  12:42  High Templar  
  149  12:44  Archon  
  149  12:45  Probe  
  149  12:46  Probe  
  149  12:49  Probe x2  
  140  12:56  Zealot x4  
  140  12:57  Probe  
  149  12:58  Probe  
  149  13:01  Probe x2  
  149  13:02  Unknown  
  152  13:07  Observer  
  152  13:10  High Templar  
  152  13:11  High Templar  
  157  13:13  Probe  
  157  13:17  Zealot x2  
  157  13:18  Zealot x2  
  152  13:24  Archon  
  152  13:25  Probe  
  152  13:26  Zealot x4  
  157  13:43  Warp Prism (Chrono Boost)  
  157  13:44  High Templar x2  
  157  13:47  Mothership (Chrono Boost)  
  163  13:51  Nexus  
  163  13:53  Pylon  
  172  13:57  Probe (Chrono Boost)  
  172  14:02  Archon, Zealot x2  
  162  14:08  Sentry x2  
  155  14:10  Zealot x2  
  149  14:21  Carrier (Chrono Boost)  
  139  14:37  Pylon  
  144  14:40  High Templar x2  
  144  14:44  Archon  
  148  14:46  Zealot x7  
  148  14:47  Zealot  
  144  15:06  Zealot x3  
  144  15:07  Nexus  
  144  15:12  Zealot x2  
  140  15:17  Zealot  
  129  15:24  Probe x2  
  129  15:25  Zealot  
  129  15:26  Probe  
  111  15:36  Probe  
  112  15:47  High Templar x3  
  116  16:01  High Templar x3  
  122  16:05  Archon  
  122  16:06  High Templar  
  124  16:13  Archon  
  124  16:19  Zealot  
  102  16:49  High Templar  
  102  16:55  Nexus  
  102  16:57  High Templar  
  104  17:01  Archon  
  104  17:05  Stalker  
  106  17:10  Stalker  
  69  17:36  Archon  
  69  17:37  Archon  
  69  17:42  Zealot  
Show
View Real Time Build Order
Export as new Build Order

Denver Zerg - Winner!

Build Orders: Hatch First 

Get SALT Encoding   

  12  0:00  Drone  
  13  0:12  Overlord  
  13  0:17  Drone  
  14  0:31  Drone x2  
  16  0:48  Hatchery  
  15  0:52  Drone  
  15  0:56  Drone  
  17  0:58  Drone  
  18  1:07  Drone  
  18  1:10  Extractor  
  18  1:18  Spawning Pool  
  17  1:22  Drone  
  18  1:29  Drone  
  19  1:39  Drone  
  20  1:50  Drone  
  21  2:04  Queen x2  
  21  2:05  Zergling x4  
  27  2:12  Overlord  
  27  2:13  Metabolic Boost  
  27  2:17  Drone  
  28  2:33  Hatchery  
  27  2:38  Drone  
  27  2:40  Drone  
  27  2:44  Drone  
  30  2:45  Drone  
  30  2:50  Overlord  
  31  2:54  Drone  
  31  2:56  Zergling x2  
  31  2:57  Zergling x2  
  34  3:04  Queen  
  36  3:10  Zergling x2  
  36  3:12  Drone x2  
  39  3:14  Drone  
  39  3:17  Drone x2  
  42  3:21  Drone  
  42  3:26  Drone  
  44  3:35  Spore Crawler  
  44  3:38  Drone  
  44  3:40  Spore Crawler  
  43  3:45  Queen, Overlord  
  43  3:47  Drone x2  
  47  3:48  Drone  
  47  3:53  Drone  
  48  3:55  Queen  
  50  4:03  Overlord x2  
  50  4:07  Drone x2  
  50  4:08  Spore Crawler  
  51  4:12  Zergling x6  
  53  4:21  Zergling x4  
  53  4:24  Drone  
  54  4:25  Drone  
  54  4:27  Lair  
  54  4:30  Drone x6  
  61  4:36  Drone, Evolution Chamber  
  61  4:38  Overlord  
  61  4:40  Drone  
  61  4:44  Pneumatized Carapace  
  61  4:45  Drone  
  63  4:46  Drone  
  64  4:53  Drone  
  64  4:56  Drone x2  
  64  4:57  Drone x3  
  70  5:01  Extractor  
  70  5:04  Drone  
  70  5:05  Drone x5  
  73  5:07  Extractor  
  73  5:08  Extractor  
  73  5:11  Drone  
  72  5:14  Zerg Melee Weapons Level 1  
  72  5:16  Drone, Roach Warren  
  72  5:17  Drone  
  73  5:25  Hatchery  
  73  5:26  Drone  
  73  5:27  Drone  
  74  5:30  Overseer  
  74  5:31  Drone  
  74  5:33  Overlord  
  74  5:35  Overlord  
  75  5:37  Drone x2  
  75  5:39  Drone  
  75  5:41  Overlord  
  78  5:43  Drone x2  
  78  5:49  Drone x3  
  81  5:52  Extractor x2  
  81  5:56  Drone  
  81  5:57  Drone  
  81  5:58  Drone x3  
  81  5:59  Glial Reconstitution, Drone  
  81  6:04  Overlord  
  85  6:07  Roach x3  
  85  6:09  Drone  
  85  6:10  Drone  
  93  6:14  Overlord  
  93  6:17  Roach x3  
  98  6:23  Drone x4, Baneling Nest  
  101  6:28  Overlord  
  100  6:35  Hydralisk Den  
  96  6:40  Zergling x4  
  96  6:41  Zergling x14  
  96  6:45  Queen  
  106  6:50  Ravager x3  
  106  6:52  Zergling x16, Ravager  
  118  6:58  Drone x3  
  118  7:00  Overlord  
  121  7:08  Grooved Spines, Centrifical Hooks  
  121  7:09  Unknown  
  121  7:11  Drone x6  
  121  7:13  Overlord  
  126  7:17  Overlord x2  
  126  7:24  Zerg Missile Weapons Level 1  
  126  7:25  Overlord x2  
  126  7:27  Evolution Chamber  
  125  7:35  Hydralisk x6  
  137  7:42  Hydralisk x4  
  144  7:45  Overlord  
  144  7:52  Zergling x16  
  144  7:54  Overlord  
  144  7:55  Overlord  
  145  8:06  Hydralisk  
  145  8:07  Hydralisk x5  
  145  8:10  Drone x3  
  160  8:14  Zergling x2  
  160  8:16  Zerg Melee Weapons Level 2  
  160  8:19  Muscular Augments  
  161  8:25  Overlord  
  161  8:27  Hatchery, Baneling x5  
  161  8:31  Hydralisk x5  
  170  8:35  Overseer  
  170  8:39  Hydralisk x3, Infestation Pit  
  174  8:47  Baneling  
  174  8:48  Baneling x4  
  174  8:50  Zergling x2  
  174  8:51  Zergling x18  
  179  8:59  Hydralisk x5  
  186  9:04  Zergling x12  
  192  9:14  Zergling x12  
  194  9:23  Zergling x12  
  198  9:27  Baneling  
  198  9:28  Baneling x24  
  198  9:39  Baneling x9  
  198  9:59  Zergling x2  
  200  10:00  Zergling x8  
  200  10:06  Zergling x42  
  186  10:08  Hydralisk  
  181  10:15  Hydralisk x3  
  181  10:20  Hive  
  178  10:21  Hydralisk  
  178  10:22  Hydralisk x3  
  178  10:27  Zergling x8  
  174  10:31  Hydralisk x3  
  174  10:33  Baneling x17  
  174  10:34  Baneling  
  172  10:39  Zergling x6  
  173  10:43  Baneling x4  
  173  10:46  Zergling x6  
  173  10:48  Overseer  
  173  10:49  Hydralisk x3  
  178  10:51  Queen  
  178  10:53  Baneling  
  178  10:56  Baneling  
  184  10:57  Baneling x6  
  153  11:11  Hydralisk x6  
  153  11:12  Zergling x2  
  153  11:13  Zergling x16  
  157  11:18  Zergling x2  
  157  11:19  Zergling x10  
  157  11:23  Hydralisk x5  
  154  11:30  Zergling x14  
  158  11:36  Hydralisk  
  158  11:37  Hydralisk x3  
  162  11:44  Hydralisk x4  
  162  11:46  Zergling x2  
  168  11:47  Zergling x6  
  168  11:53  Baneling x3  
  168  11:54  Baneling x8  
  166  11:55  Overlord  
  165  12:03  Hydralisk x4  
  165  12:04  Zergling x6  
  165  12:06  Overlord  
  174  12:17  Zergling x2  
  174  12:18  Zergling x22  
  185  12:23  Baneling x13  
  184  12:31  Zergling x18  
  179  12:37  Zergling x10  
  179  12:38  Zergling x4  
  179  12:41  Zergling x8  
  184  12:46  Zergling x6  
  184  12:50  Zerg Melee Weapons Level 3  
  178  12:54  Zergling x6  
  178  12:56  Baneling x15  
  178  12:57  Baneling  
  176  13:01  Zergling x4  
  178  13:12  Zergling x2  
  178  13:13  Zergling x10  
  178  13:15  Hatchery  
  178  13:18  Zergling x12  
  169  13:23  Zergling x14  
  174  13:30  Hydralisk  
  174  13:31  Hydralisk x3  
  174  13:33  Drone  
  182  13:36  Baneling x15  
  179  13:44  Hydralisk x4  
  179  13:47  Baneling x8  
  186  13:54  Zergling x2  
  186  13:55  Zergling x12  
  190  14:07  Zergling x18  
  197  14:14  Zergling x6  
  197  14:15  Baneling x7  
  190  14:23  Zergling x26  
  194  14:24  Swarm Host  
  194  14:26  Baneling x2  
  194  14:27  Baneling x3  
  193  14:41  Zergling x20  
  188  14:58  Zergling x2  
  188  14:59  Zergling x20  
  198  15:04  Hydralisk  
  198  15:05  Hydralisk  
  198  15:11  Overseer, Hydralisk  
  198  15:12  Zergling x2, Hydralisk x2  
  198  15:13  Zergling x2  
  173  15:23  Hydralisk x8  
  161  15:31  Hydralisk x4  
  167  15:37  Viper  
  167  15:38  Hydralisk x3  
  174  15:43  Hydralisk x2  
  174  15:46  Baneling x9  
  174  15:47  Overseer x2  
  176  15:52  Adrenal Glands  
  176  15:56  Zergling x2  
  176  15:57  Zergling x12  
  183  16:00  Zergling x2  
  183  16:01  Zergling x4  
  183  16:02  Overseer x2  
  183  16:10  Zergling x14  
  190  16:17  Baneling x13  
  190  16:31  Zergling x16  
  190  16:32  Zergling x10  
  183  16:46  Zergling x2  
  182  16:47  Zergling x24  
  190  17:06  Overlord  
  189  17:12  Zergling x12  
  189  17:15  Baneling x11  
  167  17:21  Hatchery  
  139  17:29  Hydralisk  
  114  17:30  Hydralisk x2  
  120  17:38  Zergling x2  
  104  17:47  Zergling x4  
Tags
 
Add a new tag
Caveats
  • Supply blocks, unpowered buildings, or Contaminate may cause inaccurate times.
  • Supply counts are checked every 10 seconds.